 Dungeon Crawl Stone Soup version 0.28-b1-1-g3c77fb2ed1 (webtiles) character file.

Game seed: 6172089180798269016

25 pkoi the Slasher (level 2, 0/25 HPs)
             Began as a Minotaur Gladiator on Jan 28, 2022.
             Succumbed to an adder's poison
             ... on level 2 of the Dungeon.
             The game lasted 00:01:06 (889 turns).

pkoi the Slasher (Minotaur Gladiator)                Turns: 889, Time: 00:01:06

Health: 0/25       AC:  3    Str: 18    XL:     2   Next: 86%
Magic:  1/1        EV: 12    Int:  5    God:
Gold:   66         SH:  0    Dex: 11    Spells: 1/1 levels left

rFire   . . .      SeeInvis .   i - +0 short sword (elec)
rCold   . . .      Faith    .   (no shield)
rNeg    . . .      Spirit   .   b - +0 leather armour
rPois   .          Reflect  .   c - +0 hat
rElec   .          Harm     .   (no cloak)
rCorr   .          Rampage  .   (no gloves)
Will    .....                   (no boots)
Stlth   +.........              (no amulet)
HPRegen 0.08/turn               (no ring)
MPRegen 0.07/turn               (no ring)

@: brilliant, lethally poisoned (0 -> -2), attractive
A: horns 2, retaliatory headbutt
a: no special abilities


You were on level 2 of the Dungeon.
You visited 1 branch of the dungeon, and saw 2 of its levels.

You collected 66 gold pieces.

Inventory:

Hand Weapons
 a - a +0 long sword
 i - a +0 short sword of electrocution (weapon)
Missiles
 d - 3 throwing nets (quivered)
 j - 4 poisoned darts
Armour
 b - a +0 leather armour (worn)
 c - a +0 hat (worn)
Scrolls
 f - 3 scrolls of identify {unknown}
 g - a scroll of immolation {unknown}
 k - a scroll of teleportation {unknown}
 l - a scroll of fog {unknown}


   Skills:
 + Level 2.9 Fighting
 * Level 4.4 Long Blades
 - Level 2.0 Throwing
 + Level 1.2 Armour
 - Level 3.2 Dodging


You had one spell level left.
You didn't know any spells.
Your spell library was empty.

Dungeon Overview and Level Annotations

Branches:
Dungeon (2/15)

Altars:


Innate Abilities, Weirdness & Mutations

You have a pair of horns on your head.
You reflexively headbutt those who attack you in melee.


Message History

An adder comes into view.
The quokka bites you.
You closely miss the quokka.
The adder hisses angrily.
You headbutt the quokka.
You kill the quokka!
You hear a shout!
A hobgoblin comes into view.
The hobgoblin hits you.
You see here a quokka corpse.
You miss the adder. Your headbutt misses the adder. The hobgoblin misses you.
The adder bites you.
You barely miss the adder. Your headbutt misses the adder. The adder bites you.
You are poisoned.
The adder poisons you! The hobgoblin barely misses you.
The adder barely misses you.
You hit the adder but do no damage.
You feel sick. The hobgoblin hits you. The adder bites you.
You are too injured to fight recklessly!
You barely miss the adder.
You feel sick. The hobgoblin barely misses you. You furiously retaliate!
You headbutt the hobgoblin. The adder bites you.
* * * LOW HITPOINT WARNING * * *
You puncture the adder!
The adder is severely wounded.
You feel sick. The hobgoblin misses you. You furiously retaliate!
You headbutt the hobgoblin!
You kill the hobgoblin!
The adder bites you but does no damage.
You closely miss the adder.
The adder is severely wounded.
You feel sick. The adder barely misses you. The adder bites you.
* * * LOW HITPOINT WARNING * * *
Unknown command.
It was a potion of attraction.
You feel attractive to monsters.
* * * LOW HITPOINT WARNING * * *
You feel sick. The adder closely misses you.
It was a potion of brilliance.
You feel clever all of a sudden.
You die...

# ## # ###.### . .#.
#...#.# .###.#. #.#...#
..#... #...#.#####
#.#..# #...#.....#
#.#..####.#
#.....#.#.###.#S......#
##.....#.....#.#@######
.......#.#..##.#......#
###.##.#.>............#
#......#..##.########
######.........
#.#.#...#.# #.#.#.....#
#.#.#.)## # #.#.....


You could see an adder.

Vanquished Creatures
  A dart slug (D:1)
  2 ball pythons (D:1)
  3 hobgoblins
  2 quokkas
  5 bats
  A frilled lizard (D:1)
  4 goblins (D:1)
  A kobold (D:1)
  4 rats (D:1)
23 creatures vanquished.

Notes
Turn   | Place    | Note
-------+----------+-------------------------------------------
     0 | D:1      | pkoi the Minotaur Gladiator began the quest for the Orb.
     0 | D:1      | Reached XP level 1. HP: 18/18 MP: 0/0
   262 | D:1      | Reached skill level 4 in Long Blades
   321 | D:1      | Reached XP level 2. HP: 25/25 MP: 1/1
   372 | D:1      | Reached skill level 1 in Armour
   888 | D:2      | HP: 1/25 [poisoned by an adder]
   889 | D:2      | Succumbed to an adder's poison

Illustrated notes

Levels and vault maps discovered:
D:1:      heliophobic_arrival_ceremonial_halls, layout_basic,
          nicolae_concentric_dashed_squares_mild
D:2:      layout_basic

Skill      XL: |  1  2 |
---------------+-------+-----
Long Blades    | 4 |  4.4
Armour         | 1 |  1.2
Fighting       | |  2.9
Throwing       | |  2.0
Dodging        | |  3.2

Action                   || total
-------------------------++-------
Melee: Long sword        ||    30
       Headbutt          ||     7
       Short sword       ||    13
  Use: Potion            ||     2
Armor: Leather armour    ||    11
Dodge: Dodged            ||    42
